AoeStats
← Saidkingg

Arena

506712804Analyzed
4v4 RM · 18d ago on Sep 14, 2026· 36m 29s· 8 players
Game mode
Random Map
Map size
Large (8 player)
Population
200
Speed
Normal
Resources
Standard
Victory
Conquest
Starting age
Dark Age
Ending age
Imperial Age
RankedLock teamsTeams togetherTeam positionsShared explorationLock speedFull tech treeHidden civsTurbo modeCheats
Victory
Defeat
🇦🇷 Britons · Argentina
1084
+14
🇨🇱 Lithuanians · Chile
1074
+14
🇨🇱 Ethiopians · Chile
1039
+16
🇨🇱 Khmer · Chile
912
+21
🇺🇾 Gurjaras · Uruguay
1076
-18
🇳🇱 Aztecs · Netherlands
1056
-17
🇦🇷 Cumans · Argentina
1003
-15
🇹🇷 Turks · Türkiye
1002
-15
Perejil
10:44 Feudal Age
14:46 Castle Age
13:23 Double-Bit Axe
16:31 Loom
17:02 Husbandry
17:15 Horse Collar
21:54 Wheelbarrow
23:40 Heavy Plow
25:04 Bloodlines
25:02 Scale Barding Armor
26:00 Bow Saw
26:48 Chain Barding Armor
26:39 Forging
28:14 Hand Cart
32:33 Imperial Age
31:03 Iron Casting
31:24 Gold Mining
31:25 Stone Mining
32:57 Cavalier
34:14 Crop Rotation
34:47 Two-Man Saw
37:30 Plate Barding Armor
Jexexo
11:52 Feudal Age
15:33 Castle Age
13:37 Horse Collar
15:21 Double-Bit Axe
16:46 Bow Saw
18:57 Husbandry
20:51 Bloodlines
22:08 Loom
23:40 Forging
24:32 Scale Barding Armor
27:13 Wheelbarrow
27:24 Heavy Plow
28:54 Hand Cart
28:46 Town Watch
32:05 Tusk Swords
36:51 Imperial Age
DostiL [CL]
5:18 Loom
11:15 Feudal Age
13:50 Double-Bit Axe
16:42 Castle Age
14:50 Horse Collar
16:14 Gold Mining
20:36 Fletching
22:14 Bow Saw
24:21 Wheelbarrow
24:31 Padded Archer Armor
27:11 Hand Cart
27:51 Gold Shaft Mining
27:41 Pikeman
28:21 Squires
28:05 Crossbowman
29:05 Leather Archer Armor
29:31 Town Watch
31:09 Ballistics
32:40 Bodkin Arrow
32:56 Forging
36:17 Imperial Age
35:02 Stone Mining
36:09 Town Patrol
36:25 Halberdier
36:27 Arbalester
Wdr
11:30 Feudal Age
15:29 Castle Age
15:00 Double-Bit Axe
15:00 Horse Collar
20:26 Bow Saw
23:16 Gold Mining
23:20 Loom
24:39 Scale Mail Armor
24:32 Fletching
29:20 Imperial Age
27:48 Bodkin Arrow
28:34 Thumb Ring
29:08 Heavy Plow
30:28 Bracer
30:29 Padded Archer Armor
31:11 Forging
31:44 Gold Shaft Mining
32:38 Two-Man Saw
34:16 Leather Archer Armor
33:40 Elite Shotel Warrior
34:41 Conscription
34:37 Heavy Cavalry Archer
36:57 Wheelbarrow
36:52 Chain Mail Armor
Saidkingg
9:46 Feudal Age
10:20 Double-Bit Axe
stupidspanky
12:19 Feudal Age
16:36 Castle Age
14:44 Horse Collar
15:01 Double-Bit Axe
18:50 Eagle Warrior
19:37 Scale Mail Armor
21:12 Forging
21:58 Squires
22:40 Chain Mail Armor
23:01 Iron Casting
23:00 Arson
27:59 Imperial Age
28:21 Elite Eagle Warrior
29:57 Wheelbarrow
Fro!
6:32 Loom
9:45 Feudal Age
12:02 Double-Bit Axe
20:36 Castle Age
21:27 Bow Saw
21:53 Forging
21:48 Scale Barding Armor
22:54 Bloodlines
25:05 Horse Collar
27:17 Gold Mining
28:10 Iron Casting
34:00 Imperial Age
33:59 Fletching
34:11 Padded Archer Armor
34:37 Bodkin Arrow
34:28 Heavy Cavalry Archer
Codplayer
10:06 Feudal Age
14:44 Castle Age
13:08 Horse Collar
13:14 Double-Bit Axe
19:05 Loom
23:59 Wheelbarrow
23:09 Town Watch
23:28 Heavy Plow
24:56 Scale Barding Armor
25:01 Forging
26:26 Bloodlines
26:17 Husbandry
26:41 Chain Barding Armor
27:07 Hand Cart
28:01 Iron Casting
28:44 Kshatriyas
30:32 Devotion
30:59 Light Cavalry
32:05 Ballistics
Connection lost

Rejoining the realm…

Still unreachable

The connection could not be restored.

Session expired

The server has moved on; the page needs a fresh start.